 Dungeon Crawl Stone Soup version 0.29.1-2-gbd0b4ee654 (webtiles) character file.

Game seed: 17596179376719866184

26 whiskeysaurus the Conjurer (level 2, -1/20 HPs)
             Began as a Draconian Conjurer on Nov 25, 2022.
             Slain by Natasha (6 damage)
             ... on level 2 of the Dungeon.
             The game lasted 00:01:50 (1398 turns).

whiskeysaurus the Conjurer (Draconian Conjurer)     Turns: 1398, Time: 00:01:51

Health: -1/20      AC:  4    Str:  9    XL:     2   Next: 89%
Magic:  5/5        EV: 12    Int: 18    God:
Gold:   70         SH:  0    Dex:  9    Spells: 4/5 levels left

rFire   . . .      SeeInvis .   j - +3 short sword
rCold   . . .      Faith    .   (no shield)
rNeg    . . .      Spirit   .   (body armour unavailable)
rPois   .          Reflect  .   (helmet restricted)
rElec   .          Harm     .   (no cloak)
rCorr   .          Rampage  .   (no gloves)
Will    .....                   (no boots)
Stlth   ++........              (no amulet)
HPRegen 0.06/turn               (no ring)
MPRegen 0.09/turn               (no ring)

@: slowed, very slow
A: AC +4, unfitting armour, cold-blooded
a: no special abilities


You were on level 2 of the Dungeon.
You visited 1 branch of the dungeon, and saw 2 of its levels.

You collected 70 gold pieces.

Inventory:

Hand Weapons
 j - a +3 short sword (weapon)
Scrolls
 c - a scroll of teleportation {unknown}
 d - a scroll of identify {unknown}
 f - a scroll of enchant armour {unknown}
 g - a scroll of enchant weapon {unknown}
 i - a scroll of noise {unknown}
Potions
 a - a potion of magic
 b - a potion of degeneration {unknown}
 e - 2 potions of brilliance {unknown}
 h - a potion of attraction {unknown}


   Skills:
 + Level 2.1 Dodging
 + Level 2.1 Stealth
 + Level 2.2 Spellcasting
 + Level 4.2 Conjurations
 + Level 0.8 Hexes


You had 4 spell levels left.
You knew the following spells:

 Your Spells              Type           Power      Damage    Failure   Level
a - Magic Dart            Conj           68%        1d6       3%          1

Your spell library contained the following spells:

 Spells                   Type           Power      Damage    Failure   Level
 Searing Ray              Conj           34%        2d5       4%          2
 Dazzling Flash           Conj/Hex       22%        N/A       19%         3
 Fulminant Prism          Conj/Hex       5%         3d7       54%         4
 Iskenderun's Mystic Bla  Conj/Tloc      9%         2d4       58%         4


Dungeon Overview and Level Annotations

Branches:
Dungeon (2/15)

Altars:

Annotations:
D:2 Natasha


Innate Abilities, Weirdness & Mutations

Your plain brown scales are hard. (AC +4)
You cannot fit into any form of body armour.
You are cold-blooded and may be slowed by cold attacks.


Message History

Aiming: Magic Dart (safe; 3% risk of failure)
Press: ? - help, Shift-Dir - straight line, f - Natasha, p - shadow imp
Aim: Natasha (100% to hit)
The magic dart hits Natasha.
Natasha is moderately wounded.
The shadow imp attacks as you move away!
The shadow imp hits you but does no damage.
The shadow imp attacks as you move away!
The shadow imp hits you but does no damage.
The shadow imp attacks as you move away!
The shadow imp closely misses you.
The shadow imp laughs crazily.
The shadow imp attacks as you move away!
The shadow imp barely misses you.
The shadow imp attacks as you move away!
The shadow imp barely misses you.
The shadow imp shouts, "Get thee gone, thou villainous weevil-witted prigger-of-prances!"
The shadow imp attacks as you move away!
The shadow imp closely misses you.
The shadow imp attacks as you move away!
The shadow imp misses you.
The shadow imp attacks as you move away!
The shadow imp closely misses you.
Natasha stares at you and mumbles some strange words.
The magic dart hits you. The shadow imp gestures at you.
Pain shoots through your body!
Ouch! That really hurt!
* * * LOW HITPOINT WARNING * * *
The shadow imp gestures at you. Pain shoots through your body!
* * * LOW HITPOINT WARNING * * *
Natasha stares at you and mumbles some strange words.
You feel yourself slow down.
The shadow imp disappears in a puff of smoke!
Natasha stares at you and mumbles some strange words.
You feel as though you will be slow longer.
Natasha hisses.
Natasha claws you.
You die...

### #.##.##.# #...
#.##.##.##
#.##.###.##.....#
#...........##..#
#.##.##5§.......#
#.##.##.#.#.###.#
#.##....§...# #.#
######.#####.#.#####.##
#<....@h####.#.#.......
#.####.................
#.##....####........#..
#.##.#..# #>..........
#.##.##.# #...........
#... ..# #...........
#### ### #####.......
####.### #.#


You could see Natasha.

Vanquished Creatures
  5 endoplasms
  3 giant cockroaches
  3 goblins (D:1)
  3 jackals (D:1)
  4 ball pythons (D:1)
  A frilled lizard (D:1)
  2 kobolds (D:1)
  A rat (D:1)
22 creatures vanquished.

Notes
Turn   | Place    | Note
-------+----------+-------------------------------------------
     0 | D:1      | whiskeysaurus the Draconian Conjurer began the quest for
                  | the Orb.
     0 | D:1      | Reached XP level 1. HP: 14/14 MP: 3/3
   287 | D:1      | Found a faded altar of an unknown god.
   387 | D:1      | Reached XP level 2. HP: 20/20 MP: 0/5
  1375 | D:2      | Noticed Natasha
  1398 | D:2      | Slain by Natasha

Illustrated notes

Levels and vault maps discovered:
D:1:      lightli_iron_boxes, layout_basic, dreamdust_ecumenical_altar_statues
D:2:      layout_loops_cross, serial_shops, nicolae_shop_behind_doors,
          uniq_natasha, uniq_crazy_yiuf_cottage

Skill      XL: |  1  2 |
---------------+-------+-----
Stealth        | 2 |  2.1
Dodging        | 2 |  2.1
Spellcasting   | |  2.2
Conjurations   | |  4.2
Hexes          | |  0.8

Action                   || total
-------------------------++-------
Melee: Unarmed           ||    19
       Tailslap          ||     2
 Cast: Magic Dart        ||    43
Armor: Skin              ||    11
Dodge: Dodged            ||    26
